 Dungeon Crawl Stone Soup version 0.19-a0-1912-g48530cd (webtiles) character file.

2206 Firecrotchwizard the Destroyer (level 9, -1/45 HPs)
             Began as a Deep Elf Conjurer on Dec 16, 2016.
             Was a Follower of Vehumet.
             Killed from afar by an electric eel (11 damage)
             ... with a bolt of electricity
             ... on level 7 of the Dungeon.
             The game lasted 00:21:47 (8475 turns).

Firecrotchwizard the Destroyer (Deep Elf Conjurer)  Turns: 8475, Time: 00:21:48

Health: -1/45      AC:  6    Str:  8    XL:     9   Next: 12%
Magic:  14/22      EV: 16    Int: 27    God:    Vehumet [*.....]
Gold:   525        SH:  0    Dex: 15    Spells: 11/23 levels left

rFire  . . .     SeeInvis .     l - +2 dagger (venom)
rCold  . . .     Faith    .     a - +1 robe
rNeg   . . .     Spirit   .     (no shield)
rPois  .         Reflect  .     (no helmet)
rElec  .                        (no cloak)
rCorr  .                        n - +2 pair of gloves {archery}
MR     .....                    (no boots)
Stlth  ++........               (no amulet)
                                (no ring)
                                k - +6 ring of intelligence

@: no status effects
A: no striking features
a: Renounce Religion


You were on level 7 of the Dungeon.
You worshipped Vehumet.
Vehumet was aware of your devotion.
You were not hungry.

You visited 2 branches of the dungeon, and saw 8 of its levels.
You also visited: Ossuary.

You collected 525 gold pieces.

Inventory:

Hand Weapons
 h - a +0 dagger
 l - a +2 dagger of venom (weapon)
 q - a cursed +0 dagger
Missiles
 w - 26 needles of confusion
Armour
 a - a +1 robe (worn)
 n - a +2 pair of gloves of archery (worn)
Jewellery
 k - a +6 ring of intelligence (left hand)
Wands
 t - a wand of digging (18/24)
 v - a wand of digging (4/24)
 A - a wand of lightning (4/15)
 C - a wand of iceblast (8/15)
Scrolls
 e - 4 scrolls of magic mapping
 f - a scroll of recharging
 g - a scroll of random uselessness
 i - a scroll of teleportation
 o - 2 scrolls of remove curse
 s - 3 scrolls of identify
 B - a scroll of amnesia {unknown}
Potions
 c - 5 potions of curing
 d - a potion of mutation {unknown}
 j - 2 potions of invisibility {unknown}
 m - a potion of might {unknown}
 p - 2 potions of flight {unknown}
 r - 2 potions of resistance {unknown}
 u - a potion of heal wounds {unknown}
 x - a potion of brilliance {unknown}
 z - a potion of agility {unknown}
Books
 b - a book of Conjurations

   Spells                             Type                      Level
   a - Magic Dart                     Conjuration                  1
   b - Searing Ray                    Conjuration                  2
   c - Dazzling Spray                 Conjuration/Hexes            3
   d - Fulminant Prism                Conjuration/Hexes            4
   e - Iskenderun's Mystic Blast      Conjuration                  4
   f - Iskenderun's Battlesphere      Conjuration/Charms           5
 y - a book of Air

   Spells                             Type                      Level
   a - Shock                          Conjuration/Air              1
   b - Swiftness                      Charms/Air                   2
   c - Repel Missiles                 Charms/Air                   2
   d - Static Discharge               Conjuration/Air              3
   e - Lightning Bolt                 Conjuration/Air              5


   Skills:
 + Level 6.9 Dodging
 - Level 2.4 Stealth
 + Level 7.6 Spellcasting
 * Level 9.0 Conjurations
 + Level 7.6 Charms
 * Level 2.3 Fire Magic
 + Level 1.2 Evocations


You had 11 spell levels left.
You knew the following spells:

 Your Spells              Type           Power        Failure   Level  Hunger
a - Magic Dart            Conj           ####         1%          1    None
b - Searing Ray           Conj           ######       1%          2    None
c - Iskenderun's Mystic   Conj           ######..     1%          4    ##.....
d - Iskenderun's Battles  Conj/Chrm      ######..     6%          5    ####...


Dungeon Overview and Level Annotations

Branches:
Dungeon (7/15)             Temple (1/1) D:5
   Lair: D:-1         Crypt: Vaults:-1     Tomb: Vaults:-1

Altars:
Ashenzari
Dithmenos
Elyvilon
Kikubaaqudgha
Nemelex Xobeh
Okawaru
Qazlal
Ru
Sif Muna
Uskayaw
Vehumet
Yredelemnul
Zin

Shops:
D:7 **


Message History

The bolt of electricity hits your battlesphere.
Your battlesphere completely resists.
The bolt of electricity hits you! x2
Casting: Magic Dart
Confirm with . or Enter, or press ? or * to list all spells.
Aiming: Magic Dart
Press: ? - help, Shift-Dir - straight line, f/p - electric eel
Aim: an electric eel (heavily wounded)
The magic dart hits the electric eel.
The electric eel is severely wounded.
Your battlesphere fires!
The barrage of energy hits the electric eel.
The electric eel is severely wounded.
The electric eel shoots out a bolt of lightning at you!
The bolt of electricity hits your battlesphere.
Your battlesphere completely resists.
The bolt of electricity hits you!
* * * LOW HITPOINT WARNING * * *
The bolt of electricity hits you!
You die... ######### ##...PP..# ...≈.PP≈.# .;PP≈PP≈.# ..P≈♣≈)P≈###### ♣≈≈≈PP.;.*.).# ### ♣≈≈PPP.######@#########.# PPPP..#

#...#.........#
P.####
#.###.......#.# P
#.# #.......#.##
#.# #.....<##..#
##.###......###.#
.P##...........#
#.#
≈≈.P...........##
#.##
♣≈≈......∩.....#
#..#


You could see an electric eel and a friendly battlesphere.

Vanquished Creatures
  Sigmund (D:4)
  A water moccasin (D:6)
  Duvessa (D:6)
  2 ice beasts
  2 phantoms
  2 ogres
  An elf zombie (Ossuary)
  A water moccasin zombie (D:6)
  2 scorpions (D:6)
  Dowan (D:6)
  A howler monkey (D:4)
  An electric eel (D:7)
  2 crimson imps
  A centaur zombie (D:6)
  2 hounds (D:5)
  2 quasits
  2 jellies
  3 orc priests
  A bullfrog skeleton (D:7)
  3 iguanas
  4 worker ants
  3 orc wizards (D:5)
  2 killer bee zombies
  A hound skeleton (D:5)
  2 mummies (Ossuary)
  3 gnolls (D:6)
  6 adders
  A shadow imp (D:4)
  3 leopard geckos
  21 orcs
  6 giant cockroaches
  6 gnoll zombies (Ossuary)
  11 goblins
  5 hobgoblins
  4 quokkas
  7 bats
  4 frilled lizards
  3 goblin zombies (Ossuary)
  2 hobgoblin zombies (Ossuary)
  9 kobolds
  A leopard gecko skeleton (D:5)
  2 orc zombies (Ossuary)
  4 rats
142 creatures vanquished.

Vanquished Creatures (others)
  A plant (D:7)
1 creature vanquished.

Grand Total: 143 creatures vanquished

Notes
Turn   | Place    | Note
-------+----------+-------------------------------------------
     0 | D:1      | Firecrotchwizard the Deep Elf Conjurer began the quest for the Orb.
     0 | D:1      | Reached XP level 1. HP: 10/10 MP: 6/6
   236 | D:1      | Reached skill level 1 in Charms
   336 | D:1      | Reached XP level 2. HP: 15/15 MP: 6/8
   399 | D:1      | Learned a level 2 spell: Searing Ray
  1166 | D:2      | Found a sacrificial altar of Ru.
  1191 | D:2      | Reached XP level 3. HP: 19/19 MP: 5/10
  1849 | D:2      | Found a stormy altar of Qazlal.
  1849 | D:2      | Found a basalt altar of Yredelemnul.
  2452 | D:3      | Reached skill level 5 in Conjurations
  2452 | D:3      | Reached XP level 4. HP: 24/24 MP: 1/11
  2774 | D:3      | Learned a level 4 spell: Iskenderun's Mystic Blast
  3383 | D:4      | Reached XP level 5. HP: 28/28 MP: 8/13
  3385 | D:4      | Noticed an ogre
  3391 | D:4      | Killed an ogre
  3391 | D:4      | Reached XP level 6. HP: 32/32 MP: 0/15
  3520 | D:4      | Found a shadowy altar of Dithmenos.
  3726 | D:4      | Found a sand-covered staircase.
  3735 | D:4      | Noticed Sigmund
  3750 | Ossuary  | Entered an ossuary
  3845 | Ossuary  | Learned a level 5 spell: Iskenderun's Battlesphere
  4052 | Ossuary  | Reached skill level 5 in Spellcasting
  4052 | Ossuary  | Reached skill level 6 in Conjurations
  4545 | D:4      | Killed Sigmund
  4545 | D:4      | Reached XP level 7. HP: 36/36 MP: 7/17
  4691 | D:4      | Reached skill level 5 in Dodging
  4691 | D:4      | Reached skill level 5 in Charms
  5305 | D:5      | Entered Level 5 of the Dungeon
  5492 | D:5      | Reached skill level 7 in Conjurations
  5616 | D:5      | Found a staircase to the Ecumenical Temple.
  5627 | Temple   | Entered the Ecumenical Temple
  5654 | Temple   | Became a worshipper of Vehumet
  6420 | D:5      | Reached XP level 8. HP: 41/41 MP: 5/19
  7061 | D:6      | Noticed Dowan
  7065 | D:6      | Killed Dowan
  7065 | D:6      | Reached skill level 8 in Conjurations
  7066 | D:6      | Noticed Duvessa
  7069 | D:6      | Killed Duvessa
  7553 | D:6      | Reached * piety under Vehumet
  7553 | D:6      | Offered knowledge of Sandblast by Vehumet.
  7704 | D:6      | Reached skill level 1 in Fire Magic
  8121 | D:6      | Reached XP level 9. HP: 45/45 MP: 15/22
  8310 | D:7      | Reached skill level 1 in Evocations
  8420 | D:7      | Found Xitz's General Store.
  8421 | D:7      | Found Ichoreha's Assorted Antiques.
  8463 | D:7      | Reached skill level 9 in Conjurations
  8475 | D:7      | Killed from afar by an electric eel

Vault maps used:
D:1:      dpeg_arrival_round_c, minivault_4, minivault_11, eino_curves_02
D:2:      nicolae_ru_sacrificial_ziggurat, amethyst_overflow_temple_binary
D:4:      grunt_dithmenos_shadows, chequers_ossuary_entry_cave, first_bread,
          uniq_sigmund
D:6:      uniq_duvessa
D:7:      marbit_many_paths, bloody_makhleb, overflow_temple_1_default,
          serial_shops, shop, shop, kennysheep_mini, shop, the_bakery,
          serial_bayou_lagoon_a
Temple:   nicolae_temple_great_sept
Ossuary:  minmay_ossuary_gauntlet

Skill      XL: |  1  2  3  4  5  6  7  8  9 |
---------------+----------------------------+-----
Charms         | 1 2 3 4 6 7 |  7.6
Dodging        | 3 4 5 6 |  6.9
Conjurations   | 5 6 7 8 9 |  9.0
Spellcasting   | 4 5 6 7 |  7.6
Fire Magic     | 1 2 |  2.3
Evocations     | 1 |  1.2
Stealth        | |  2.4

Action                   |  1- 3 |  4- 6 |  7- 9 || total
-------------------------+-------+-------+-------++-------
Melee: Dagger            |     7 |    11 |     5 ||    23
 Cast: Magic Dart        |    76 |   111 |   167 ||   354
       Searing Ray       |     1 |     4 |     4 ||     9
       Iskenderun's Batt |       |     2 |    17 ||    19
  Use: Scroll            |       |       |    10 ||    10
Armor: Robe              |     3 |     8 |     7 ||    18
Dodge: Dodged            |    10 |    24 |    29 ||    63
